 Dungeon Crawl Stone Soup version 0.17-a0-1533-g2f57bce (webtiles) character file.

111699 George the Fighter (level 16, -3/147 HPs)
             Began as a Minotaur Fighter on July 16, 2015.
             Was the Champion of Makhleb.
             Slain by a six-headed hydra zombie (9 damage)
             ... on level 4 of the Swamp.
             The game lasted 01:28:40 (26798 turns).

George the Fighter (Minotaur Fighter)              Turns: 26798, Time: 01:28:40

Health: -3/147     AC: 32    Str: 23      XL:     16   Next: 10%
Magic:  24/24      EV: 17    Int:  4 (5)  God:    Makhleb [******]
Gold:   1907       SH: 15    Dex: 17      Spells: 0 memorised, 15 levels left

rFire  . . .     SeeInvis +     q - +1 scimitar (flame)
rCold  . . .     Clarity  +     J - +7 plate armour "Babinoob" {MR+}
rNeg   + . .     SustAt   .     c - +1 shield
rPois  +         Gourm    .     (helmet restricted)
rElec  .         Spirit   .     P - +1 cloak of the Sun {rPois}
rCorr  .         Warding  .     X - +2 pair of gloves
rMut   .         Stasis   .     k - +1 pair of boots {Fly}
MR     ++...                    H - amulet of regeneration
Stlth  ..........               v - +3 ring of evasion
                                M - ring of Shadows {Umbra +Inv rN+ SInv}

@: about to teleport, flying, slowed, wreathed by umbra, very slow, very
resistant to hostile enchantments, extremely unstealthy
A: retaliatory headbutt, horns 2, agile 1, clarity
a: Minor Destruction, Lesser Servant of Makhleb, Major Destruction, Greater
Servant of Makhleb, Renounce Religion, Evoke Invisibility, Stop Flying


You were on level 4 of the Swamp.
You worshipped Makhleb.
Makhleb was exalted by your worship.
You were near starving.

You visited 5 branches of the dungeon, and saw 28 of its levels.
You also visited: Volcano.

You collected 3305 gold pieces.
You spent 1398 gold pieces at shops.

Inventory:

Hand weapons
 q - a +1 scimitar of flaming (weapon)
 F - a +1 demon blade of venom
Armour
 c - a +1 shield (worn)
 k - a +1 pair of boots of flying (worn)
 J - the +7 plate armour "Babinoob" (worn) {MR+}
   (You took it off an orc on level 6 of the Dungeon)

   It affects your resistance to hostile enchantments.
 L - the +1 pair of boots of the Duke {rF+}
   (You found it on level 6 of the Dungeon)

   It protects you from fire.
 P - the +1 cloak of the Sun (worn) {rPois}
   (You found it on level 3 of the Swamp)

   It protects you from poison.
 X - a +2 pair of gloves (worn)
Jewellery
 a - an uncursed ring of protection from cold
 p - an uncursed ring of fire
 v - a +3 ring of evasion (right hand)
 w - an uncursed ring of ice
 C - an uncursed ring of protection from fire
 G - an uncursed ring of positive energy
 H - an amulet of regeneration (around neck)
 M - the ring of Shadows (left hand) {Umbra +Inv rN+ SInv}
   (You bought it in a shop on level 4 of the Orcish Mines)

   [ring of invisibility]

   It protects you from negative energy.
   It lets you see invisible.
   It lets you turn invisible.
Magical devices
 g - a wand of paralysis (8)
 z - a wand of slowing (20)
 A - a wand of confusion (12)
 D - a wand of fire (13)
 N - a wand of fire (11)
 T - a wand of digging (7)
 U - a wand of disintegration (14)
 W - a wand of cold (0)
 Y - a wand of lightning (3)
Scrolls
 f - 2 scrolls of enchant armour
 o - 5 scrolls of identify
 r - 5 scrolls of remove curse
 t - 3 scrolls of fear
 x - 3 scrolls of magic mapping
 y - 3 scrolls of fog
 K - 2 scrolls of recharging
 O - 5 scrolls of teleportation
 R - 3 scrolls of enchant weapon
Potions
 d - 3 potions of might
 i - 3 potions of magic
 j - 2 potions of invisibility
 n - a potion of haste
 s - 2 potions of cure mutation
 u - 3 potions of resistance
 B - 5 potions of curing
 E - a potion of berserk rage
 Q - 5 potions of cancellation
 S - 5 potions of agility
Comestibles
 e - 12 bread rations
 h - a royal jelly
 m - 9 meat rations
 I - 6 beef jerkies
 V - 6 slices of pizza
 Z - 33 fruits


   Skills:
 + Level 14.6 Fighting
 + Level 14.1 Long Blades
 + Level 14.6 Armour
 + Level 11.4 Dodging
 + Level 14.3 Shields
 + Level 12.6 Invocations


You had 15 spell levels left.
You didn't know any spells.

Dungeon Overview and Level Annotations

Branches:
Dungeon (11/15)            Temple (1/1) D:6            Lair (8/8) D:11
  Swamp (4/4) Lair:5       Spider (0/4) Lair:5        Slime (0/6) Lair:7
    Orc (4/4) D:9             Elf (0/3) Orc:3

Altars:
Ashenzari
Cheibriados
Dithmenos
Elyvilon
Fedhas
Gozag
Kikubaaqudgha
Makhleb
Nemelex Xobeh
Okawaru
Qazlal
Ru
Sif Muna
Trog
Vehumet
Xom
Yredelemnul
Zin
The Shining One
Beogh

Shops:
D:5 }   Orc:4 [((!}=


Innate Abilities, Weirdness & Mutations

You reflexively headbutt those who attack you in melee.
You have a pair of horns on your head.
You are agile. (Dex +2)
You possess an exceptional clarity of mind.


Message History

* * * LOW HITPOINT WARNING * * *
The lightning arcs!
The six-headed hydra zombie is struck by lightning.
The lightning grounds out.
The six-headed hydra zombie closely misses you.
The six-headed hydra zombie misses you.
The six-headed hydra zombie barely misses you.
The six-headed hydra zombie bites you but does no damage.
The six-headed hydra zombie completely misses you.
You block the six-headed hydra zombie's attack.
The vampire mosquito bites you but does no damage.
Your disease is taking its toll.
You feel dopey.
Drink which item? (? for menu, Esc to quit)
You feel better.
You block the vampire mosquito's attack.
The insubstantial wisp closely misses you.
You furiously retaliate!
You headbutt the insubstantial wisp!
You block the six-headed hydra zombie's attack.
The six-headed hydra zombie bites you!
You die...

# ##≈ #≈≈?###
≈≈..ZZy## ###♣
≈Z.ZZZZ@## ##≈≈♣
≈≈.###Zv.###
#≈≈≈♣
##§...#######≈≈≈♣
##§.....≈##≈≈≈.♣
###§[§..#≈≈≈≈.♣♣♣
##§§...≈≈≈..♣≈≈
###....≈≈..♣≈≈
###..≈≈≈..≈.
####≈≈..♣.


You could see a spectral swamp dragon, a vampire mosquito, an insubstantial
wisp, 2 six-headed hydra zombies, a swamp drake zombie, 3 swamp dragon zombies
and a swamp worm zombie.

Vanquished Creatures
  Saint Roka (Orc:4)
  3 thorn hunters
  Aizul (Swamp:4)
  Azrael (Orc:3)
  Erolcha (D:11)
  Josephine (D:10)
  6 hydras
  The ghost of urechis the Fighter, an experienced MiBe of Trog (Lair:1)
  A centaur warrior (D:9)
  7 alligators
  6 death yaks
  2 orc high priests
  3 swamp dragons
  A shambling mangrove (Swamp:1)
  An unseen horror (D:10)
  6 orc knights
  A spectral hydra (Swamp:4)
  3 hill giants
  An orc sorcerer (Orc:4)
  A griffon (Lair:8)
  2 ugly things (D:11)
  A hornet (Swamp:1)
  A cyclops (D:10)
  4 black mambas
  9 elephants
  3 molten gargoyles (Volcano)
  A torpor snail (Lair:7)
  A gargoyle (Volcano)
  19 spiny frogs
  2 swamp worm zombies (Swamp:4)
  4 komodo dragons
  4 fire drakes
  3 spriggan druids
  13 polar bears
  5 giant leeches
  A troll (D:10)
  Prince Ribbit (D:8)
  15 blink frogs
  9 bog bodies
  A trapdoor spider zombie (D:11)
  3 slime creatures (Swamp:2)
  4 alligator zombies (Swamp:4)
  A deep elf mage (D:9)
  A shadow (Swamp:4)
  11 redbacks
  21 spriggans
  3 wyverns
  5 wraiths (D:10)
  17 yaks
  7 basilisks
  6 fire elementals
  8 hippogriffs
  A water elemental (D:11)
  3 vampire mosquitoes (Swamp:4)
  3 hell hounds
  18 insubstantial wisps
  5 wargs
  A steam dragon (D:11)
  38 wolves
  13 porcupines
  4 ice beasts
  25 swamp worms
  31 orc warriors
  24 water moccasins
  2 spiders (Lair:5)
  7 black bears
  2 eyes of draining (D:10)
  2 phantoms
  9 swamp drakes
  4 sky beasts
  12 wasps
  A swamp dragon zombie (Swamp:4)
  7 centaurs
  2 necrophages (D:8)
  7 ogres
  5 crocodiles
  2 big kobolds
  17 giant frogs
  A gnoll sergeant (D:6)
  A wyvern skeleton (D:9)
  3 killer bees (D:8)
  3 scorpions
  3 electric eels
  5 wights (D:10)
  2 quasits
  A giant frog zombie (D:11)
  6 crimson imps
  A centaur zombie (D:5)
  2 jellies
  4 centaur skeletons
  10 hounds
  27 orc priests
  6 iguanas
  10 worker ants
  3 gnoll shamans (D:10)
  23 orc wizards
  23 sheep
  A hound zombie (D:6)
  2 hound skeletons
  A worker ant zombie (D:7)
  4 adders
  16 gnolls
  69 river rats
  2 shadow imps
  2 oozes (D:1)
  An adder skeleton (D:9)
  3 adder zombies
  2 worms
  201 orcs
  3 ball pythons
  A bat skeleton (D:7)
  9 giant cockroaches
  21 goblins
  16 hobgoblins
  4 jackals (D:7)
  6 quokkas
  15 bats
  8 giant geckos
  4 giant newts
  A jackal skeleton (D:4)
  15 kobolds
  A quokka skeleton (D:4)
  10 rats
  A briar patch (Swamp:3)
  2 fire vortices (Volcano)
  7 fungi
  A plant (D:10)
1042 creatures vanquished.

Vanquished Creatures (others)
  A giant frog skeleton (D:11)
  A river rat (Lair:8)
  An orc (Orc:4)
  A jackal (D:11)
  2 briar patches (Swamp:4)
  15 fungi
  A plant (Lair:8)
22 creatures vanquished.

Grand Total: 1064 creatures vanquished

Notes
Turn   | Place    | Note
--------------------------------------------------------------
     0 | D:1      | George the Minotaur Fighter began the quest for the Orb.
     0 | D:1      | Reached XP level 1. HP: 19/19 MP: 0/0
    99 | D:1      | Reached XP level 2. HP: 27/27 MP: 1/1
   221 | D:1      | Reached skill level 4 in Shields
   748 | D:2      | Reached XP level 3. HP: 30/33 MP: 2/2
  1163 | D:3      | Reached XP level 4. HP: 33/41 MP: 3/3
  1814 | D:4      | Reached skill level 5 in Shields
  1969 | D:4      | Reached XP level 5. HP: 43/47 MP: 4/4
  2607 | D:5      | Entered Level 5 of the Dungeon
  2607 | D:5      | Noticed a centaur
  2610 | D:5      | Noticed a centaur
  2612 | D:5      | Killed a centaur
  2612 | D:5      | Reached skill level 5 in Fighting
  2612 | D:5      | Reached XP level 6. HP: 53/56 MP: 5/5
  2623 | D:5      | Killed a centaur
  2623 | D:5      | Reached skill level 5 in Armour
  2675 | D:5      | Identified the Guide on Beguiling and the Escort
  2829 | D:5      | Reached skill level 5 in Long Blades
  3127 | D:5      | Found Nuezot's Gadget Shop.
  3144 | D:5      | Reached XP level 7. HP: 60/62 MP: 6/6
  3324 | D:6      | Found a staircase to the Ecumenical Temple.
  3350 | D:6      | Got a slimy plate armour
  3367 | D:6      | Identified the +7 plate armour "Babinoob" {MR+} (You took it off an orc on level 6 of the Dungeon)
  3376 | Temple   | Entered the Ecumenical Temple
  3450 | Temple   | Became a worshipper of Makhleb the Destroyer
  3548 | D:6      | Reached skill level 6 in Fighting
  3554 | D:6      | Got a pair of ancient boots
  3565 | D:6      | Identified the +1 pair of boots of the Duke {rF+} (You found it on level 6 of the Dungeon)
  3590 | D:6      | Reached skill level 1 in Invocations
  4115 | D:7      | Reached XP level 8. HP: 66/71 MP: 8/8
  4184 | D:7      | Acquired Makhleb's first power
  4372 | D:7      | Reached skill level 7 in Fighting
  4401 | D:7      | Noticed a hill giant
  4410 | D:7      | Killed a hill giant
  4434 | D:7      | Got a pair of faintly humming boots
  4453 | D:7      | Identified the +1 pair of boots of Ypnaut {+Fly rPois Slay-4} (You found it on level 7 of the Dungeon)
  4638 | D:7      | Acquired Makhleb's second power
  4963 | D:7      | Found a shimmering altar of Xom.
  4963 | D:7      | Found a sparkling altar of Nemelex Xobeh.
  5178 | D:8      | Reached XP level 9. HP: 79/79 MP: 11/11
  5364 | D:8      | Noticed Prince Ribbit
  5391 | D:8      | Killed Prince Ribbit
  5391 | D:8      | Reached skill level 8 in Fighting
  5405 | D:8      | Found an ancient bone altar of Kikubaaqudgha.
  5413 | D:8      | Found an opulent altar of Gozag.
  5420 | D:8      | Found a glowing golden altar of the Shining One.
  5424 | D:8      | Found a bloodstained altar of Trog.
  5586 | D:8      | Reached skill level 5 in Invocations
  5679 | D:8      | Acquired Makhleb's third power
  6168 | D:8      | Found a blossoming altar of Fedhas.
  6337 | D:8      | Found an iron altar of Okawaru.
  6789 | D:9      | Reached XP level 10. HP: 70/90 MP: 13/13
  6800 | D:9      | Reached skill level 9 in Shields
  6993 | D:9      | Noticed a centaur skeleton
  6996 | D:9      | Killed a centaur skeleton
  7383 | D:9      | Acquired Makhleb's fourth power
  7431 | D:9      | Found a staircase to the Orcish Mines.
  7768 | D:10     | Entered Level 10 of the Dungeon
  7906 | D:10     | Noticed a hill giant
  7918 | D:10     | Killed a hill giant
  8101 | D:10     | Noticed a hill giant
  8114 | D:10     | Killed a hill giant
  8162 | D:10     | Reached skill level 10 in Shields
  8247 | D:10     | Noticed a cyclops
  8254 | D:10     | Reached skill level 10 in Fighting
  8259 | D:10     | Killed a cyclops
  8293 | D:10     | Acquired Makhleb's fifth power
  8303 | D:10     | Noticed Josephine
  8326 | D:10     | Killed Josephine
  8326 | D:10     | Reached XP level 11. HP: 75/100 MP: 15/15
  8351 | D:10     | Reached skill level 10 in Armour
  8381 | D:10     | Identified a scroll of acquirement
  8530 | D:10     | Reached skill level 10 in Long Blades
  8550 | D:10     | Killed an unseen horror
  9286 | D:11     | Found a staircase to the Lair.
  9398 | D:11     | Gained mutation: You are agile. (Dex +2) [potion of beneficial mutation]
  9399 | D:11     | Reached XP level 12. HP: 108/108 MP: 18/18
  9456 | D:11     | Noticed Erolcha
  9474 | D:11     | Killed Erolcha
  9841 | D:11     | Reached skill level 11 in Shields
  9842 | D:11     | Gained mutation: You possess an exceptional clarity of mind. [potion of beneficial mutation]
 10401 | Orc:1    | Entered Level 1 of the Orcish Mines
 10576 | Orc:3    | Found a staircase to the Elven Halls.
 10940 | Orc:3    | Reached skill level 10 in Invocations
 11096 | Orc:3    | Reached XP level 13. HP: 60/116 MP: 19/19
 12177 | Orc:3    | Found a roughly hewn altar of Beogh.
 12254 | Orc:4    | Entered Level 4 of the Orcish Mines
 12268 | Orc:4    | Found Homapt's Weapon Emporium.
 12421 | Orc:4    | Noticed Azrael
 12464 | Orc:3    | Killed Azrael
 12743 | Orc:4    | Found Veaf's Quality Used Wands.
 12917 | Orc:4    | Found a roughly hewn altar of Beogh.
 12918 | Orc:4    | Found Joakh's Jewellery Emporium.
 13024 | Orc:4    | Found a roughly hewn altar of Beogh.
 13063 | Orc:4    | Found a roughly hewn altar of Beogh.
 13115 | Orc:4    | Found a roughly hewn altar of Beogh.
 13115 | Orc:4    | Found Egelemal's Distillery.
 13329 | Orc:4    | Noticed Saint Roka
 13727 | Orc:4    | Killed Saint Roka
 14119 | Orc:4    | Paralysed by an orc sorcerer for 5 turns
 14131 | Orc:4    | Reached skill level 12 in Fighting
 14154 | Orc:4    | Found Dilu's Antique Armour Boutique.
 14165 | Orc:4    | Found Pihats's Antique Weapon Shop.
 14166 | Orc:4    | Found a roughly hewn altar of Beogh.
 14367 | Orc:4    | Bought a pair of glowing gloves for 166 gold pieces
 14378 | Orc:4    | Bought a bloodstained scimitar for 252 gold pieces
 14378 | Orc:4    | Identified the +1 scimitar "Esidaupt" {slice, MR+ Str+2} (You bought it in a shop on level 4 of the Orcish Mines)
 14432 | Orc:4    | Bought the ring of Shadows {Umbra +Inv rN+ SInv} for 590 gold pieces
 14432 | Orc:4    | Bought an uncursed amulet of regeneration for 390 gold pieces
 14563 | D:9      | Noticed a centaur warrior
 14575 | D:9      | Killed a centaur warrior
 14704 | Lair:1   | Entered Level 1 of the Lair of Beasts
 14786 | Lair:1   | Noticed urechis's ghost (experienced MiBe)
 14852 | Lair:1   | Killed urechis's ghost
 15273 | Lair:1   | Got a slimy scale mail
 15295 | Lair:1   | Identified the +5 scale mail "Pyrchin" {Str+2 Int+3} (You found it on level 1 of the Lair of Beasts)
 17016 | Lair:3   | Reached XP level 14. HP: 127/127 MP: 21/21
 17936 | Lair:4   | Got a twisted scale mail
 17947 | Lair:4   | Found a basalt altar of Yredelemnul.
 18010 | Lair:4   | Found a dark tunnel.
 18015 | Volcano  | Entered a volcano
 18230 | Lair:4   | Identified the +3 scale mail of Rakuil {Str+4 Dex+5 Stlth-} (You found it on level 4 of the Lair of Beasts)
 18925 | Lair:5   | Found a staircase to the Swamp.
 19547 | Lair:5   | Found a hole to the Spider Nest.
 19757 | Lair:6   | Reached skill level 13 in Fighting
 20650 | Lair:7   | Found a staircase to the Slime Pits.
 21490 | Lair:8   | Entered Level 8 of the Lair of Beasts
 21616 | Lair:8   | Reached skill level 10 in Dodging
 21787 | Lair:8   | Reached XP level 15. HP: 136/136 MP: 22/22
 22983 | Swamp:1  | Entered Level 1 of the Swamp
 24112 | Swamp:2  | Reached skill level 14 in Armour
 25018 | Swamp:3  | Noticed a thorn hunter
 25041 | Swamp:3  | Killed a thorn hunter
 25416 | Swamp:3  | Got a brightly glowing cloak
 25427 | Swamp:3  | Identified the +1 cloak of the Sun {rPois} (You found it on level 3 of the Swamp)
 25562 | Swamp:4  | Entered Level 4 of the Swamp
 25593 | Swamp:4  | Noticed a thorn hunter
 25613 | Swamp:4  | Killed a thorn hunter
 25672 | Swamp:4  | Noticed a thorn hunter
 26330 | Swamp:4  | Killed a thorn hunter
 26330 | Swamp:4  | Reached XP level 16. HP: 133/147 MP: 24/24
 26483 | Swamp:4  | Noticed Aizul
 26513 | Swamp:4  | Killed Aizul
 26797 | Swamp:4  | HP: 7/142 [insubstantial wisp/static electricity (5)]
 26797 | Swamp:4  | HP: 2/142 [insubstantial wisp/static electricity (5)]
 26798 | Swamp:4  | Slain by a six-headed hydra zombie

Vault maps used:
D:1:      elethiomel_arrival_shortcut
D:2:      kennysheep_six_static_rooms
D:4:      first_bread, lemuel_old_faithful
D:5:      serial_shops, kennysheep_mini_moat
D:6:      minmay_temple_entry_statues_fountains
D:7:      minitemple
D:8:      minmay_four_partial_circles, minmay_overflow_temple_star_hex,
          hangedman_tree_tricks, minivault_1, uniq_prince_ribbit1
D:9:      erik_orc_2, statue_in_the_mist_lemuel
D:10:     kennysheep_seaside_town, minivault_16, uniq_josephine
D:11:     erik_lair_island, uniq_erolcha
Temple:   zaba_magenta_temple_12
Lair:2:   grunt_forest_stairs_basic, lemuel_fruit_fields
Lair:3:   lemuel_fruit_fields
Lair:4:   basic_altar, enter_volcano_1, kennysheep_basilisk_garden,
          infiniplex_staircase_pool
Lair:5:   swamp_mist, spider_nest_entry_funnel_web, serial_bayou_shore_a,
          serial_bayou_shore_b
Lair:7:   slime_dummy, beast_lair_carwin_10
Lair:8:   minmay_lair_end_enchanted_forest
Swamp:1:  serial_swamp_ruin, evilmike_swamp_ruin_house_2,
          evilmike_swamp_ruin_house_3, evilmike_swamp_ruin_house_1
Swamp:2:  hangedman_swamp_pad
Swamp:3:  nicolae_swamp_very_dense_foliage
Swamp:4:  swamp_pestilence, swamp_pool5, uniq_aizul
Orc:3:    nicolae_orc_pool_cavern, bh_open_orc_temple
Orc:4:    grunt_orc_community_town_hall, grunt_orc_community_big_house_1,
          grunt_orc_community_big_house_1, grunt_orc_community_house_2,
          grunt_orc_community_house_3, grunt_orc_community_house_3,
          grunt_orc_community_house_3, serial_shops, shop,
          nicolae_for_you_no_charge, uniq_azrael
Volcano:  volcano_aerie

Action                   |  1- 3 |  4- 6 |  7- 9 | 10-12 | 13-15 | 16-18 || total
-------------------------+-------+-------+-------+-------+-------+-------++-------
Melee: Long sword        |   100 |    99 |       |       |       |       ||   199
       Scimitar          |       |    51 |   380 |   281 |   457 |    99 ||  1268
       Demon blade       |       |       |       |   474 |  2178 |       ||  2652
Throw: Tomahawk          |       |       |       |     8 |       |       ||     8
Evoke: Wand              |       |       |     3 |       |     6 |       ||     9
  Use: Scroll            |       |       |    18 |     8 |    12 |     1 ||    39
       Potion            |       |       |       |     3 |     2 |     1 ||     6
  Eat: Chunk             |     1 |     6 |    11 |    17 |    53 |       ||    88
       Fruit             |       |       |       |       |     3 |       ||     3
